Cogmind - Beta 13 @@@ ROGUE MODE // 2024.04.07 @ 19:41:35 Player: Copyrite Result: Destroyed by S-27 Virus with Autogun Performance ------------- Evolutions (3) 1500 Regions Visited (6) 1200 Robots Destroyed (37) 185 Value Destroyed (1537) 1537 Prototype IDs (3) 60 Alien Tech Used (0) 0 Bonus (768) 768 TOTAL SCORE: 5250 Bonus ------- High Alert Combat Kills 33 Follower Combat Kills 35 Entered Garrisons 200 Used RIF Installer 500 Cogmind --------- Core Integrity 0/700 Matter 219/300 Energy 284/290 System Corruption 2% Temperature Cool (12) Movement Flying (26) Location -7/Garrison Parts ------- > --- POWER (1) -------- Improved Deuterium Engine > --- PROPULSION (4) --- Surge Thruster Surge Thruster Improved VTOL Module Improved VTOL Module > --- UTILITY (6) ------ Advanced Visual Processing Unit Improved Melee Analysis Suite Relay Coupler [Hunter] (15) > --- WEAPON (2) ------- Remote Datajack > --- INVENTORY (5) ---- Particle Reactor Surge Thruster Surge Thruster Surge Thruster Minigun Peak State ------------ > --- POWER ------------ Particle Reactor > --- PROPULSION ------- Surge Thruster Surge Thruster Improved VTOL Module Improved VTOL Module > --- UTILITY ---------- Advanced Visual Processing Unit Improved Melee Analysis Suite Relay Coupler [Hunter] > --- WEAPON ----------- Minigun Remote Datajack > --- INVENTORY -------- Improved Deuterium Engine Surge Thruster Surge Thruster Surge Thruster [Rating: 42] Favorites ----------- Power Light Ion Engine Engine Light Ion Engine Power Core Nuclear Core Reactor Particle Reactor Propulsion Light Treads Treads Light Treads Leg Aluminum Leg Flight Unit Improved VTOL Module Utility Small Storage Unit Device Weight Redist. System Storage Small Storage Unit Processor Improved Melee Analysis Suite Hackware Hacking Suite Protection Propulsion Shielding Weapon Minigun Energy Gun Improved Medium Laser Energy Cannon Beam Cannon Ballistic Gun Minigun Special Weapon Remote Datajack Slashing Weapon Greatsword Special Melee Weapon Datajack Build | -11 -10 -10 -9 -8 -7 -7 ------- Run | Yrd Mat Min Mat Mat Fac Gar Slots Evolved 6 | . . . 2 2 2 . Power . | . . . . . . . Propulsion 2 | . . . 2 . . . Utility 4 | . . . . 2 2 . Weapon . | . . . . . . . Parts Attached 93 | 5 7 2 12 33 1 33 Power 14 | 1 1 1 . 5 . 6 Engine 9 | 1 1 1 . 2 . 4 Core 4 | . . . . 3 . 1 Reactor 1 | . . . . . . 1 Propulsion 39 | 2 1 . 9 11 . 16 Treads 5 | 2 1 . . 2 . . Leg 3 | . . . . 3 . . Wheel . | . . . . . . . Hover . | . . . . . . . Flight 31 | . . . 9 6 . 16 Utility 19 | 1 1 1 3 8 1 4 Device 11 | . . 1 2 5 1 2 Storage 2 | 1 . . . 1 . . Processor 2 | . . . . 1 . 1 Hackware 3 | . . . 1 1 . 1 Protection 1 | . 1 . . . . . Artifact . | . . . . . . . Weapon 21 | 1 4 . . 9 . 7 Energy Gun 5 | . 2 . . 3 . . Energy Cannon 2 | . 2 . . . . . Ballistic Gun 10 | 1 . . . 4 . 5 Ballistic Cannon . | . . . . . . . Launcher . | . . . . . . . Special Weapon 2 | . . . . . . 2 Impact Weapon . | . . . . . . . Slashing Weapon 1 | . . . . 1 . . Piercing Weapon . | . . . . . . . Special Melee Weapon 1 | . . . . 1 . . Unidentified Prototypes 3 | . 1 . . 2 . . Parts Lost 27 | . . . 4 7 . 16 Power 4 | . . . . 1 . 3 Propulsion 16 | . . . 4 4 . 8 Utility 6 | . . . . 2 . 4 Weapon 1 | . . . . . . 1 Highest Loss Streak 6 | . . . 2 4 . 6 To Critical Strikes . | . . . . . . . Average Slot Usage (%) 79 | . 86 100 77 74 92 75 Engine 7 | . 14 14 11 . 7 5 Core 2 | . . . . 7 . 1 Treads 13 | . 28 28 . 8 . . Leg 1 | . . . . 3 . . Flight 11 | . . . 35 6 30 28 Device 3 | . . 4 5 7 7 3 Storage 9 | . 14 14 11 8 7 3 Processor 3 | . . . . 1 7 12 Hackware 7 | . . . 2 14 15 8 Energy Gun 5 | . 13 14 . 1 . . Energy Cannon 4 | . 10 14 11 . . . Ballistic Gun 6 | . 4 . . 12 7 5 Naked Turns . | . . . . . . . Heaviest Build 21 | 12 16 18 15 20 19 21 Greatest Support 46 | 40 40 40 22 46 20 20 Greatest Overweight (x) 3 | . . . 1 3 . 1 Average Overweight (x) . | . . . . . . . Largest Inventory Capacity 8 | 8 8 8 8 8 8 8 Average Capacity 7 | 7 8 8 8 7 8 6 Most Carried 8 | 5 8 8 8 8 7 8 Average Carried 6 | 2 6 7 6 7 7 6 Final Capacity 8 | 8 8 8 8 8 8 5 Final Carried 8 | 5 8 8 8 8 7 5 Class Distribution -------------------- 49% | Mutant 16% | Hacker-Mutant 11% | Sprinter 7% | Hacker-Sprinter 6% | Scavenger-Sprinter 4% | Scavenger-Mutant Dominant Class ---------------- Mutant | -10/Materials Mutant | -10/Mines Scavenger-Sprinter | -9/Materials Hacker-Mutant | -8/Materials Hacker-Mutant | -7/Factory Sprinter | -7/Garrison Resources | -11 -10 -10 -9 -8 -7 -7 ----------- Run | Yrd Mat Min Mat Mat Fac Gar Matter Collected 1553 | 174 180 59 25 646 . 469 Remotely . | . . . . . . . Salvage Created 1432 | . 183 33 123 710 . 383 Parts 74 | . 7 3 7 28 . 29 Haulers Intercepted 2 | . . . . 2 . . Recyclers Shooed . | . . . . . . . Parts Field Recycled . | . . . . . . . Retrieved Matter . | . . . . . . . Parts Self-Destructed . | . . . . . . . Prevented . | . . . . . . . Kills | -11 -10 -10 -9 -8 -7 -7 ------- Run | Yrd Mat Min Mat Mat Fac Gar Combat Hostiles Destroyed 29 | . 4 1 5 9 . 10 Melee 3 | . . . . 3 . . Guns 18 | . 3 . . 5 . 10 Cannons 7 | . 1 1 5 . . . Classes Destroyed 11 | . 1 2 1 4 . 3 Worker 3 | . . 1 . 2 . . Hauler 2 | . . . . 2 . . Recycler 1 | . . . . 1 . . Operator 2 | . . . 1 1 . . Swarmer 11 | . . 1 4 . . 6 Grunt 9 | . 4 . 1 4 . . Brawler 2 | . . . . . . 2 Sentry 3 | . . . . 3 . . Specialist 1 | . . . . . . 1 Hunter 2 | . . . . 2 . . Programmer 1 | . . . . . . 1 Best Kill Streak 3 | . 2 1 3 3 . 3 Combat Bots Only 3 | . 2 1 3 3 . 3 Max Kills in Single Turn 1 | . 1 1 1 1 . 1 Gunslinging . | . . . . . . . Exploded . | . . . . . . . Melee 1 | . . . . 1 . . Uniques/NPCs Destroyed . | . . . . . . . Combat | -11 -10 -10 -9 -8 -7 -7 -------- Run | Yrd Mat Min Mat Mat Fac Gar Hostile Shots Fired 681 | . 27 10 64 129 . 451 Missed 348 | . 7 1 28 50 . 262 Damage Taken 3899 | . 343 73 337 1231 . 1915 Core 1182 | . 31 21 94 330 . 706 Absorbed by Shields 156 | . . . . . . 156 Redirected to Shielding 9 | . . 9 . . . . Regen/Repaired (Parts) 145 | . . . . 145 . . Core Remaining (%) 73 | 100 . 79 76 40 . . Volleys Fired 145 | . 19 5 20 48 . 53 Largest 2 | . 2 2 1 2 . 2 Hottest 116 | . 116 116 60 63 . 50 Shots Fired 227 | . 38 10 20 93 . 66 Gun 187 | . 30 5 . 93 . 59 Cannon 33 | . 8 5 20 . . . Launcher . | . . . . . . . Special 7 | . . . . . . 7 Kinetic 142 | . 11 . . 72 . 59 Thermal 78 | . 27 10 20 21 . . Explosive . | . . . . . . . Electromagnetic . | . . . . . . . Robot Hit Streak 11 | . 8 1 3 11 . 7 Robot Miss Streak 5 | . 4 5 2 4 . 3 Penetration Max 1 | . . . . . . 1 Secondary Targets 2 | . . . . 1 . 1 Max Gunslinging Chain 1 | . . . . 1 . 1 Shots Hit Robots 146 | . 22 2 10 70 . 42 Core Hits 58 | . 8 2 6 24 . 18 Critical Kills 2 | . . . . 1 . 1 Critical Parts Destroyed . | . . . . . . . Critical Strikes 7 | . 2 1 . 3 . 1 Burn 3 | . 2 1 . . . . Destroy 2 | . . . . 1 . 1 Sever 2 | . . . . 2 . . Melee Attacks 12 | . . . . 11 . 1 Impact . | . . . . . . . Slashing 11 | . . . . 11 . . Piercing . | . . . . . . . Sneak Attacks 2 | . . . . 2 . . Combat Hostiles . | . . . . . . . Follow-up Attacks . | . . . . . . . Damage Inflicted 2846 | . 368 88 177 1515 . 698 Guns 2008 | . 298 36 . 976 . 698 Cannons 299 | . 70 52 177 . . . Explosions . | . . . . . . . Melee 533 | . . . . 533 . . Ramming 6 | . . . . 6 . . Kinetic 1582 | . 92 . . 792 . 698 Thermal 725 | . 276 88 177 184 . . Explosive . | . . . . . . . Electromagnetic . | . . . . . . . Impact . | . . . . . . . Slashing 533 | . . . . 533 . . Piercing . | . . . . . . . Highest Corruption 4 | . 4 4 1 1 . 2 Average Corruption 2 | . 2 4 1 1 . 2 Corruption Purged . | . . . . . . . Corruption Blocked . | . . . . . . . Effects 19 | . 12 . 1 1 . 5 Message Errors 8 | . 3 . . 1 . 4 Matter Fused 8 | . 6 . 1 . . 1 Heat Flow Errors 1 | . 1 . . . . . Energy Discharges 1 | . 1 . . . . . Data Loss (minor) 1 | . 1 . . . . . Overload Shots . | . . . . . . . Overflow Damage 97 | . . . 13 84 . . Projectiles 13 | . . . 13 . . . Explosions . | . . . . . . . Melee 84 | . . . . 84 . . Knockbacks . | . . . . . . . Impact . | . . . . . . . Kinetic . | . . . . . . . Secondary . | . . . . . . . Self-Inflicted Damage 118 | . . . . . . 118 Shots 1 | . . . . . . 1 Rammed 3 | . . . . 3 . . Targets Rammed 3 | . . . . 3 . . Kicked . | . . . . . . . Crushed . | . . . . . . . Highest Temperature 462 | . 462 162 169 70 . 34 Average Temperature 72 | . 164 73 77 14 . 5 Received Heat Transfer 1140 | . 135 . 75 423 . 507 Effects 3 | . 3 . . . . . Shutdowns 1 | . 1 . . . . . Energy Bleed 1 | . 1 . . . . . Damage (minor) 1 | . 1 . . . . . Siege Activations . | . . . . . . . Robots Corrupted . | . . . . . . . Combat Hostiles . | . . . . . . . Parts Fried . | . . . . . . . Impact Corruptions . | . . . . . . . Robots Melted 1 | . . . . 1 . . Combat Hostiles 1 | . . . . 1 . . Parts Melted 7 | . . . 1 6 . . Heat Transferred 2109 | . 814 259 370 666 . . Parts Sabotaged . | . . . . . . . Parts Stolen . | . . . . . . . Parts Stripped . | . . . . . . . Power Chain Reactions . | . . . . . . . Alert | -11 -10 -10 -9 -8 -7 -7 ------- Run | Yrd Mat Min Mat Mat Fac Gar Peak Influence 838 | . 121 70 359 285 124 838 Initial 151 | . . 5 27 151 124 88 Average 170 | . 39 56 194 170 124 420 Maximum Alert Level 3 | . . . 1 1 . 3 Low Security (%) 64 | 100 100 100 44 62 100 4 Level 1 24 | . . . 55 37 . 38 Level 2 9 | . . . . . . 45 Level 3 2 | . . . . . . 11 Level 4 . | . . . . . . . Level 5 . | . . . . . . . High Security . | . . . . . . . Max Security . | . . . . . . . Squads Dispatched 7 | . . . 5 2 . . Investigation 1 | . . . 1 . . . Extermination . | . . . . . . . Reinforcement 6 | . . . 4 2 . . Assault . | . . . . . . . Garrison . | . . . . . . . Intercept . | . . . . . . . Searches Triggered . | . . . . . . . Construction Impeded . | . . . . . . . Haulers Reinforced . | . . . . . . . Active Scanning Responses . | . . . . . . . Cargo Convoy Interrupts . | . . . . . . . Stealth | -11 -10 -10 -9 -8 -7 -7 --------- Run | Yrd Mat Min Mat Mat Fac Gar Distress Signals 11 | . . 2 6 3 . . Communications Jammed . | . . . . . . . Distress Signals . | . . . . . . . Times Spotted 137 | . 14 6 40 29 . 48 Peak Tracking Total 18 | . 3 3 14 7 . 18 Tactical Retreats 22 | . 1 2 5 4 . 10 Traps | -11 -10 -10 -9 -8 -7 -7 ------- Run | Yrd Mat Min Mat Mat Fac Gar Traps Triggered 17 | . 6 . . 1 . 10 Indirectly . | . . . . . . . Trap Hack Attempts . | . . . . . . . Triggered . | . . . . . . . Disarmed . | . . . . . . . Reprogrammed . | . . . . . . . Reused . | . . . . . . . Traps Extracted . | . . . . . . . Installed . | . . . . . . . Triggered . | . . . . . . . Machines | -11 -10 -10 -9 -8 -7 -7 ---------- Run | Yrd Mat Min Mat Mat Fac Gar Machines Disabled 6 | . . . 1 1 . 4 Max in Single Turn 2 | . . . 1 1 . 2 Garrison Relay 1 | . . . . . . 1 Phase Generator 1 | . . . . . . 1 Machines Repaired . | . . . . . . . Machines Dismantled . | . . . . . . . Machines Sabotaged . | . . . . . . . Overloaded Fab Kills . | . . . . . . . Hacking | -11 -10 -10 -9 -8 -7 -7 --------- Run | Yrd Mat Min Mat Mat Fac Gar Machines Accessed 23 | . 6 . 7 6 1 3 Terminals 20 | . 5 . 7 5 . 3 Fabricators . | . . . . . . . Repair Stations 1 | . . . . 1 . . Recycling Units 1 | . 1 . . . . . Scanalyzers . | . . . . . . . Garrison Access 1 | . . . . . 1 . Total Hacks 58 | . 15 . 16 18 2 7 Successful 35 | . 8 . 11 12 1 3 Failed 23 | . 7 . 5 6 1 4 Catastrophic 4 | . 2 . 2 . . . Database Lockouts . | . . . . . . . Manual 33 | . 13 . 11 9 . . Terminals 48 | . 14 . 16 11 . 7 Fabricators . | . . . . . . . Repair Stations 7 | . . . . 7 . . Recycling Units 1 | . 1 . . . . . Scanalyzers . | . . . . . . . Garrison Access 2 | . . . . . 2 . Terminal Hacks 14 | . 3 . 6 2 . 3 Robot Analysis 1 | . . . 1 . . . Open Door 1 | . . . . . . 1 Branch Access Points 1 | . 1 . . . . . Emergency Access Points 1 | . . . . . . 1 Terminal Index 1 | . 1 . . . . . Alert Level 4 | . 1 . 2 1 . . Unreport Threat 1 | . . . 1 . . . Dispatch Records 1 | . . . 1 . . . Investigation Status 1 | . . . . 1 . . Recall Reinforcements 1 | . . . 1 . . . Patrol Navigation 1 | . . . . . . 1 Fabricator Hacks . | . . . . . . . Repair Station Hacks 7 | . . . . 7 . . Scan Component 3 | . . . . 3 . . Repair 3 | . . . . 3 . . Refit 1 | . . . . 1 . . Recycling Unit Hacks 1 | . 1 . . . . . Report Inventory 1 | . 1 . . . . . Scanalyzer . | . . . . . . . Garrison Access Hacks 1 | . . . . . 1 . Unlock Access 1 | . . . . . 1 . Unauthorized Hacks 12 | . 4 . 5 3 . . Terminals 12 | . 4 . 5 3 . . Botnet 12 | . 4 . 5 3 . . Fabricators . | . . . . . . . Repair Stations . | . . . . . . . Recycling Units . | . . . . . . . Scanalyzers . | . . . . . . . Garrison Access . | . . . . . . . Data Cores Recovered . | . . . . . . . Used . | . . . . . . . Hacking Detections 15 | . 6 . 2 3 1 3 Full Trace Events 1 | . . . 1 . . . Feedback Events 1 | . . . 1 . . . Corruption 1 | . . . 1 . . . Feedback Blocked . | . . . . . . . Robot Schematics Acquired . | . . . . . . . Robots Built . | . . . . . . . Authchips . | . . . . . . . Time . | . . . . . . . Total Robot Build Rating . | . . . . . . . Part Schematics Acquired . | . . . . . . . Parts Built . | . . . . . . . Authchips . | . . . . . . . Time . | . . . . . . . Total Part Build Rating . | . . . . . . . Parts Repaired 3 | . . . . 3 . . Time 90 | . . . . 90 . . Parts Recycled . | . . . . . . . Recycled Matter . | . . . . . . . Retrieved Matter . | . . . . . . . Retrieved Components . | . . . . . . . Parts Scanalyzed . | . . . . . . . Part Schematics Acquired . | . . . . . . . Parts Damaged . | . . . . . . . Bothacking | -11 -10 -10 -9 -8 -7 -7 ------------ Run | Yrd Mat Min Mat Mat Fac Gar Used RIF Installer 1 | . . . . . . 1 Robots Hacked 1 | . . . . . . 1 Non-combat . | . . . . . . . Combat 1 | . . . . . . 1 Robot Hacks Applied 1 | . . . . . . 1 parse_system 1 | . . . . . . 1 Relay Couplers Released 5 | . . . . . . 5 Machine Destruction 5 | . . . . . . 5 Attached 1 | . . . . . . 1 Fabnet Peak Effective % . | . . . . . . . Robots Rewired 2 | . . . . . . 2 Allies Hacked . | . . . . . . . Hacks Repelled . | . . . . . . . Allies | -11 -10 -10 -9 -8 -7 -7 -------- Run | Yrd Mat Min Mat Mat Fac Gar Total Allies 2 | . . . . . . 2 Largest Group 2 | . . . . . . 2 Highest-Rated Group 70 | . . . . . . 70 Highest-Rated Ally 39 | . . . . . . 39 Total Orders . | . . . . . . . Ally Attacks 10 | . . . . . . 10 Total Damage 138 | . . . . . . 138 Kills 1 | . . . . . . 1 Allies Corrupted . | . . . . . . . Allies Melted . | . . . . . . . Intel | -11 -10 -10 -9 -8 -7 -7 ------- Run | Yrd Mat Min Mat Mat Fac Gar Robot Analysis Total 1 | . . . 1 . . . Derelict Logs Recovered . | . . . . . . . Drone Launches . | . . . . . . . Drone Recoveries . | . . . . . . . Exploration | -11 -10 -10 -9 -8 -7 -7 ------------- Run | Yrd Mat Min Mat Mat Fac Gar Turns Passed 3108 | 94 1037 76 241 1028 9 623 Spaces Moved 2835 | 55 531 33 499 729 28 960 Core 7 | 6 . . . 1 . . Treads 848 | 49 531 33 . 235 . . Legs 89 | . . . . 89 . . Wheels . | . . . . . . . Hover . | . . . . . . . Flight 1891 | . . . 499 404 28 960 Fastest Speed 26 | 50 160 160 31 26 26 26 Average Speed 71 | 148 160 160 33 84 26 26 Slowest Speed 200 | 160 160 160 117 200 26 96 Overloaded Moves . | . . . . . . . Propulsion Burnouts . | . . . . . . . Robots Hopped 26 | . . . 5 2 . 19 Cave-ins Triggered . | . . . . . . . Exploration Rate (%) 40 | 4 62 11 51 56 1 99 Regions Visited 6 Branch Regions 1 Pre-discovered Areas . | . . . . . . . Known Exits Taken 2 | . 1 . . . 1 . Unknown Exits Taken 4 | 1 . 1 1 1 . . Scrap Searched 1 | . . 1 . . . . Spaces Dug . | . . . . . . . Terrain Destroyed 78 | . . . . . . 78 Melee . | . . . . . . . Projectile . | . . . . . . . AOE 78 | . . . . . . 78 Terrain Rammed . | . . . . . . . Walls Destroyed . | . . . . . . . Machines Disabled . | . . . . . . . Actions | -11 -10 -10 -9 -8 -7 -7 --------- Run | Yrd Mat Min Mat Mat Fac Gar Total 3663 | 66 682 49 549 1039 29 1249 Wait 346 | 1 112 . 13 164 . 56 Move 2783 | 54 530 32 488 724 28 927 Hop 21 | . . . 5 2 . 14 Pick Up 53 | 6 8 5 4 22 . 8 Fast Attach 38 | 4 1 . 5 16 . 12 Attach 28 | 1 1 . 6 11 1 8 Detach 11 | . . . 3 4 . 4 Swap 27 | . 5 2 1 6 . 13 Drop 53 | . 6 5 4 28 . 10 Fire 145 | . 19 5 20 48 . 53 Melee 12 | . . . . 11 . 1 Ram 1 | . . . . 1 . . Kick . | . . . . . . . Crush 2 | . . . . 2 . . Escape Stasis 143 | . . . . . . 143 Rewire . | . . . . . . . Trap . | . . . . . . . Miscellaneous . | . . . . . . . Route ------- -11/Scrapyard -10/Materials (discovered 3 exits: *Mat / *Min x2) -10/Mines -9/Materials (discovered 2 exits: *Mat / [*Min]) -8/Materials -7/Factory -7/Garrison (discovered 3 exits: [*Fac x3]) History --------- Turn | Location | Event 7 | -11/Scrapyard | Discovered new exit (range 15) 95 | -11/Scrapyard | Entered Materials 306 | -10/Materials | Build established: Mutant 756 | -10/Materials | Discovered new exit (range 4) 885 | -10/Materials | Identified exit to Mines 1132 | -10/Materials | Entered Mines 1133 | -10/Mines | Assembled infested the area 1133 | -10/Mines | Met a Derelict bent on vengeance 1138 | -10/Mines | Assisted by a Guerilla fighting off Assembled 1149 | -10/Mines | Discovered new exit (range 12) 1208 | -10/Mines | Entered Materials 1208 | -9/Materials | Evolved 2 slots: Propulsion x2 1238 | -9/Materials | Discovered new exit (range 8) 1382 | -9/Materials | Discovered new exit (range 4) 1449 | -9/Materials | Entered another Materials area 1449 | -8/Materials | Evolved 2 slots: Utility x2 1592 | -8/Materials | Repaired Flight Unit 1655 | -8/Materials | Repaired Sml. Storage Unit 1694 | -8/Materials | Repaired Nuclear Core 2125 | -8/Materials | Build established: Hacker-Mutant 2268 | -8/Materials | Lost 4 parts (1p2n1u) 2355 | -8/Materials | Core integrity fell below 50% 2474 | -8/Materials | Discovered new exit (range 15) 2477 | -8/Materials | Entered Factory 2477 | -7/Factory | Evolved 2 slots: Utility x2 2486 | -7/Factory | Identified exit to Garrison 2486 | -7/Factory | Entered Garrison 2494 | -7/Garrison | Triggered checkpoint 2513 | -7/Garrison | Garrison Relay disabled 2628 | -7/Garrison | Triggered checkpoint 2632 | -7/Garrison | Triggered checkpoint 2746 | -7/Garrison | Phase Generator disabled 2746 | -7/Garrison | Discovered new exit (range 10) 2926 | -7/Garrison | Lost 6 parts (2p2n2u) 2948 | -7/Garrison | Triggered checkpoint 2965 | -7/Garrison | Core integrity fell below 50% 2979 | -7/Garrison | Discovered new exit (range 10) 3006 | -7/Garrison | Lost 3 parts (2n1w) 3029 | -7/Garrison | Triggered checkpoint 3044 | -7/Garrison | Core integrity fell below 20% 3045 | -7/Garrison | Discovered new exit (range 11) 3051 | -7/Garrison | Lost 4 parts (1p3n) 3073 | -7/Garrison | Installed Relay Interface Framework 3104 | -7/Garrison | Triggered checkpoint 3109 | -7/Garrison | Destroyed by S-27 Virus with Autogun Last Messages --------------- sounds. C-17 Slicer destroyed. Connecting with Garrison Terminal... >>Download(Navigation) Retrieving Factory patrol records... Downloaded protocol data. C-17 Slicer destroyed. Acquired Surge Thruster. EXIT=FOUND Hacking Suite destroyed. Surge Thruster destroyed. Acquired Surge Thruster. Acquired 24 matter. Dropped VTOL Module. Acquired Surge Thruster. Initiating installation procedure... Relay Interface Framework installed. Y-54 Guardian system offline. Jacked G-47 Trooper... Critical hit (Burn: +37). Map ----- +----------------------------------------------------+ | ?# #???????????? | | ?# #???????????? | | ?# #???????????? | | ?####### #### ## ## ###########???????????? | | ???????# #### ## ## ###???????????????????? | | ???????# % / #???????????????????? | | ???????####=! = #???????????????????? | | ???????#### % ^! #?????????????###???? | | ???????# [ ! #?????????????###???? | | ???????# #### ## ## ###?????????????# #???? | | ???????# #??# ## ## #??????????????? #???? | | ######## #### ######?????????? #???? | | #?????????? #???? | | ## ########## #### #?????????"# ##??? | | ?# #????????## ## ##ss##??# #?????????## ##??? | | ?# #?????????# ## ##ss##??# #?????????## ##??? | | ?# ##????????# ######## ##??# ##????????## ##??? | | ?# #??####### #?????## ##??# ###?#####?## ###?? | | ## #???# #?????## ##??# ############ #?? | | #???# ##### #?????## ##??# #?? | | ## #???# #???# #?????## ##### ###### ##### #?? | | ?# #???# #???# #?????## ##### ###### ##?## #?? | | ?# #???# #???# #?????## ^! ##### #?? | | ?# ##### ##### #???#### ! ##### ###?? | | ## #??##### ########### ##??? | | #?#### ##@# ###### ##### ##??? | | ### ### ########?###### # # ##### ##### ###?? | | ??# #?# #???????### # #### ##?##=% ### | | ??# #?# #???????### # #### #####%=%%%! | | ??# ### #???????## # #### ##### ! | | ??# #???????## #### ##" # | | ??# #####???????## < ######### | | ??# #???????????## # # ## ########? | | ??# #???????????## # ## # ########??????? | | ### #???????????#### # # ########??????? | | # #???????????### # # ##????????????? | | # < #????????????#### # # # ## #####?????????? | | # #????????????#### # # ### #####?????????? | | ######?????????????##### ## ## ##?????????? | | ????????????????????########### # # ##?????????? | | ??????????????????????############ #####?????????? | | ?????????????????????????????## !#!#! ##?????????? | | ?????????????????????????????##/ [ [ ##?????????? | | ????????????????????????????### ##### ###????????? | | ???????????????????????????#### ##### ####???????? | | ???????????????????????????### !!! ###???????? | | ???????????????????????????## ##???????? | | ???????????????????????????### ###???????? | | ???????????????????????????###!!!!!!!!!###???????? | | ????????????????????????????#############????????? | +----------------------------------------------------+ Best States ------------- Heat Dissipation 34 Energy Generation 16 Energy Capacity 290 Matter Stores 300 Matter Capacity 300 Sight Range 20 Robot Scan Range 14 Terrain Scan Density 10 ECM Strength 1 Additional Mass Support 6 Propulsion Shielding 33 Evasion (%) 64 Melee Accuracy 6 Recoil Reduction 2 Particle Charging 15 Offensive Hacking 10 Defensive Hacking 10 Relay Coupler Types 1 Relay Coupler Value 15 Item Schematics ----------------- None Robot Schematics ------------------ None Fabricated ------------ Nothing Alien Tech Used ----------------- None Achievements -------------- A New Friend Please Form A Line Challenges ------------ None Game ------ Seed MissileHypervelocityCycler Manual? 0 Play Time 00:53:29 Cumulative 14.1 hours Start 2024.04.07 @ 18:50:59 End 2024.04.07 @ 19:41:35 Sessions 1 Manual Loads 0 Difficulty Rogue Special Mode None Game No. 25 Rogue 25 Adventurer 0 Explorer 0 Win Type - Total 0 Types 0/0/0/0/0/0/0/0/0 Lore% 10 Gallery% 19 Achievement% 19 Wizard Run 0 Options --------- Layout 1 ASCII 0 Keyboard 0 Movement Numpad Keybinds 0 Fullscreen 1 Font 32/SmallcapsGlow Map View 50x35 Zoom Use 0% Tactical HUD 0 Map Filters NONE Filters NONE Steam 1 RUN: 601ed4a7-e806-412b-bdcf-a48ec39d007d